 Dungeon Crawl Stone Soup version 0.28-a0-1387-g3a22ab9bdc (webtiles) character file.

Game seed: 10866538826744408915

52 pokeman the Magician (level 3, -2/20 HPs)
             Began as a Deep Elf Hedge Wizard on Jan 2, 2022.
             Killed by miscasting Mephitic Cloud (9 damage)
             ... on level 2 of the Dungeon.
             The game lasted 00:03:14 (1943 turns).

pokeman the Magician (Deep Elf Hedge Wizard)        Turns: 1943, Time: 00:03:15

Health: -2/20      AC:  3    Str:  7    XL:     3   Next: 60%
Magic:  5/11       EV: 12    Int: 20    God:
Gold:   57         SH:  5    Dex: 14    Spells: 1/12 levels left

rFire   . . .      SeeInvis .   b - +4 mace
rCold   . . .      Faith    .   (no shield)
rNeg    . . .      Spirit   .   e - +0 leather armour
rPois   .          Reflect  +   c - +0 hat
rElec   .          Harm     .   (no cloak)
rCorr   .          Rampage  .   (no gloves)
Will    .....                   (no boots)
Stlth   ++........              m - amulet of reflection
HPRegen 0.06/turn               (no ring)
MPRegen 0.12/turn               (no ring)

@: lethally poisoned (-2 -> -7), on blink cooldown, very slightly contaminated
A: no striking features
a: no special abilities


You were on level 2 of the Dungeon.
You visited 1 branch of the dungeon, and saw 2 of its levels.

You collected 57 gold pieces.

Inventory:

Hand Weapons
 b - a +4 mace (weapon)
Missiles
 g - 55 bolts
 k - 5 curare-tipped darts
Armour
 c - a +0 hat (worn)
 e - a +0 leather armour (worn)
Jewellery
 j - an amulet of faith
 m - an amulet of reflection (around neck)
Scrolls
 a - a scroll of amnesia {unknown}
 f - a scroll of teleportation {unknown}
 i - a scroll of enchant weapon {unknown}
Potions
 d - a potion of brilliance {unknown}
 h - 2 potions of mutation {unknown}
 l - a potion of curing {unknown}


   Skills:
 - Level 1.0 Fighting
 - Level 1.0 Armour
 + Level 2.5 Dodging
 - Level 2.4 Stealth
 * Level 5.3 Spellcasting
 + Level 1.9 Conjurations
 - Level 1.1 Summonings
 - Level 1.1 Translocations
 + Level 0.0 Fire Magic


You had one spell level left.
You knew the following spells:

 Your Spells              Type           Power      Damage    Failure   Level
a - Magic Dart            Conj           52%        1d5       8%          1
b - Mephitic Cloud        Conj/Pois/Air  7%         N/A       36%         3
c - Call Imp              Summ           9%         N/A       16%         2
d - Blink                 Tloc           18%        N/A       16%         2
e - Conjure Flame         Conj/Fire      9%         6-21      32%         3

Your spell library contained the following spells:

 Spells                   Type           Power      Damage    Failure   Level
 Slow                     Hex            20%        N/A       17%         1


Dungeon Overview and Level Annotations

Branches:
Dungeon (2/15)

Altars:
Yredelemnul

Annotations:
D:2 Ijyb


Message History

You bump into the rock wall.
You feel less confused.
You hit Ijyb.
Ijyb is lightly wounded.
You block Ijyb's attack.
You hit Ijyb.
Ijyb is moderately wounded.
Ijyb hits you with a +0 dagger. Ijyb screams, "Me give you whole level!
Then you leave me be!" You block Ijyb's attack.
You catch the helpless Ijyb completely off-guard!
You hit Ijyb but do no damage.
Ijyb is moderately wounded.
Ijyb hits you with a +0 dagger.
You barely miss Ijyb.
Ijyb is moderately wounded.
Ijyb seems less confused.
Ijyb zaps a wand.
You suddenly lose the ability to move!
Ijyb hits you with a +0 dagger. x2
* * * LOW HITPOINT WARNING * * *
Ijyb zaps a wand.
You shrug off the repeated paralysis!
Ijyb zaps a wand.
You shrug off the repeated paralysis!
Ijyb zaps a wand.
You resist with some effort. Ijyb barely misses you.
You can move again.
Casting: Mephitic Cloud (potentially lethal; 36% risk of failure)
Confirm with . or Enter, or press ? or * to list all spells.
You blink.
Ijyb zaps a wand.
You resist with some effort.
Unknown command.
Casting: Blink (safe; 16% risk of failure)
Confirm with . or Enter, or press ? or * to list all spells.
The spell is potentially lethal to miscast (36% risk of failure)!
Continue anyway?
Aiming: Mephitic Cloud (potentially lethal; 36% risk of failure)
Press: ? - help, Shift-Dir - straight line, f/p - Ijyb
Aim: Ijyb, wielding a +0 dagger, wearing a +0 chain mail and carrying a wand of paralysis (3) (moderately wounded, chance to affect: 86%)
You miscast Mephitic Cloud.
You are very lightly contaminated with residual magic.
You feel rather nauseous for a moment!
You are poisoned.
You die...

#.###..†.g#####.#
#...#
#.#...........#.#
#...#
#.#.#########.#.#
#...# #.#. #....<#.#
##...## #.#
.....###§#$#
#####......
#.###########g#.#
...#....##
#.............#.####.#
#.#......
#############........#
#....#... #..@#####
#....#... #...#
#....#... #...#
#.#.##... #...#
#.#.##... #...#
#.#...... #...#
#.#...... #...#
#.#...... #####
#...... ###....


You could see Ijyb.

Vanquished Creatures
  An adder (D:2)
  A dart slug (D:1)
  4 bats (D:1)
  An endoplasm (D:1)
  2 giant cockroaches
  4 hobgoblins (D:1)
  2 jackals (D:1)
  3 quokkas
  5 ball pythons
  5 frilled lizards
  4 goblins
  A kobold (D:1)
  2 rats (D:1)
35 creatures vanquished.

Vanquished Creatures (collateral kills)
  3 goblins (D:2)
3 creatures vanquished.

Grand Total: 38 creatures vanquished

Notes
Turn   | Place    | Note
-------+----------+-------------------------------------------
     0 | D:1      | pokeman the Deep Elf Hedge Wizard began the quest for the
                  | Orb.
     0 | D:1      | Reached XP level 1. HP: 10/10 MP: 7/7
   365 | D:1      | Reached XP level 2. HP: 16/16 MP: 5/9
   780 | D:1      | Reached skill level 5 in Spellcasting
   920 | D:1      | Reached XP level 3. HP: 20/20 MP: 7/11
   924 | D:1      | Learned a level 3 spell: Mephitic Cloud
   927 | D:1      | Learned a level 2 spell: Call Imp
   930 | D:1      | Learned a level 2 spell: Blink
   934 | D:1      | Learned a level 3 spell: Conjure Flame
  1350 | D:2      | Found a basalt altar of Yredelemnul.
  1412 | D:2      | Reached skill level 1 in Armour
  1645 | D:2      | Reached skill level 1 in Fighting
  1824 | D:2      | Noticed Ijyb
  1933 | D:2      | Paralysed by Ijyb for 7 turns
  1943 | D:2      | Killed by miscasting Mephitic Cloud

Illustrated notes

Levels and vault maps discovered:
D:1:      lightli_arrival_isolated_outpost, layout_loops_ring,
          hangedman_decor_clover_reticule, minmay_tree_intersection,
          minmay_misc_feat_more_columns, minmay_tetromino_t4
D:2:      kennysheep_the_goblin_king, layout_basic, basic_altar

Skill      XL: |  1  2  3 |
---------------+----------+-----
Spellcasting   | 5 |  5.3
Armour         | 1 |  1.0
Fighting       | 1 |  1.0
Dodging        | |  2.5
Stealth        | |  2.4
Conjurations   | |  1.9
Summonings     | |  1.1
Translocations | |  1.1

Action                   || total
-------------------------++-------
Melee: Dagger            ||     5
       Mace              ||    11
 Cast: Magic Dart        ||    89
       Call Imp          ||     2
       Mephitic Cloud    ||     1
       Blink             ||     1
 Stab: Confused          ||     1
Armor: Robe              ||     4
       Leather armour    ||     6
Dodge: Dodged            ||    16
Block: Other             ||     2

Table legend: (Time is in decaauts)
 A = Elapsed time spent in this place.
 B = Non-inter-level travel time spent in this place.
 C = Inter-level travel time spent in this place.
 D = Time resting spent in this place.
 E = Time spent auto-exploring this place.
 F = Levels seen in this place.
 G = Mean time per level.
                   A        B        C        D        E       F      G
               +--------+--------+--------+--------+--------+-----+--------+
         Total |   1957 |   1928 |     29 |    164 |   1471 |   2 |  978.5 |
       Dungeon |   1957 |   1928 |     29 |    164 |   1471 |   2 |  978.5 |
               +--------+--------+--------+--------+--------+-----+--------+

Top non-repeatable levels by time:
     D:1: 1395 daAuts
     D:2: 562 daAuts
